 Dungeon Crawl Stone Soup version 0.25.1-2-g60ff931df9 (webtiles) character file.

Game seed: 5039274883572580106

24 DearestLeader the Unweaver (level 2, 0/24 HPs)
             Began as a Demonspawn Abyssal Knight on Sept 28, 2020.
             Was a Follower of Lugonu.
             Succumbed to an adder's poison
             ... on level 1 of the Dungeon.
             The game lasted 00:01:43 (1129 turns).

DearestLeader the Unweaver (DsAK)                   Turns: 1129, Time: 00:01:43

Health: 0/24       AC:  5    Str: 12    XL:     2   Next: 79%
Magic:  4/4        EV: 10    Int: 13    God:    Lugonu [*.....]
Gold:   35         SH:  0    Dex: 12    Spells: 1/1 levels left

rFire    + . .     SeeInvis .   a - +1 hand axe
rCold    . . .     Gourm    .   (no shield)
rNeg     . . .     Faith    .   g - +0 ring mail {rF+}
rPois    .         Spirit   .   (no helmet)
rElec    .         Reflect  .   (no cloak)
rCorr    .         Harm     .   (no gloves)
MR       .....                  (no boots)
Stlth    +.........             (no amulet)
HPRegen  0.08/turn              (no ring)
MPRegen  0.09/turn              (no ring)

@: lethally poisoned (0 -> -18)
A: claws 1
a: Depart the Abyss, Renounce Religion


You were on level 1 of the Dungeon.
You worshipped Lugonu.
Lugonu was aware of your devotion.
You were not hungry.

You visited 1 branch of the dungeon, and saw 2 of its levels.
You visited the Abyss 1 time.

You collected 35 gold pieces.

Inventory:

Hand Weapons
 a - a +1 hand axe (weapon)
Armour
 b - a +0 leather armour
 e - a +0 scale mail
 g - a +0 ring mail of fire resistance (worn)
Scrolls
 d - a scroll of enchant weapon {unknown}
 h - 2 scrolls of amnesia {unknown}
 i - a scroll of fog {unknown}
 j - a scroll of identify {unknown}
 k - a scroll of enchant armour {unknown}
Comestibles
 c - 4 rations
 f - 2 chunks of flesh


   Skills:
 - Level 3.0 Fighting
 * Level 2.7 Axes
 - Level 1.7 Armour
 - Level 0.8 Dodging
 + Level 3.1 Invocations


You had one spell level left.
You didn't know any spells.
Your spell library was empty.

Dungeon Overview and Level Annotations

Branches:
Dungeon (2/15)

Altars:
Okawaru


Innate Abilities, Weirdness & Mutations

You have sharp fingernails.


Message History

You barely miss the adder.
The adder is severely wounded.
* * * LOW HITPOINT WARNING * * *
You feel sick. The bat barely misses you.
The adder bites you but does no damage.
You barely miss the adder.
The adder is severely wounded.
* * * LOW HITPOINT WARNING * * *
You feel sick. The adder bites you.
* * * LOW HITPOINT WARNING * * *
The bat misses you. The adder bites you.
* * * LOW HITPOINT WARNING * * *
You are more poisoned.
The adder poisons you!
You hit the adder.
The adder is almost dead.
You hit the bat.
You kill the bat!
Lugonu accepts your kill.
You die...

##### #.#.##.# #.#.##.#
#......# #[.....#
###.#### ###.#### ##'##
#.# ##...## #.# #
##.....## ####.# ##
##.......## ##.##.#
.####.>.......####...#.#
....'.........'S@......#
.####....^....####...#.#
.# ##.......## ##.##.#
.# ##.....## ####.# .#
##...## ###.## .# ##'##
#..รท.# .# #.# #.#.## .#
#.# #.### .# ##.## #.#


You could see an adder.

Vanquished Creatures
  3 leopard geckos (D:1)
  2 bats (D:1)
  4 goblins (D:1)
  2 hobgoblins (D:1)
  4 kobolds (D:1)
  5 rats (D:1)
20 creatures vanquished.

Notes
Turn   | Place    | Note
-------+----------+-------------------------------------------
     0 | Abyss:1  | DearestLeader the Demonspawn Abyssal Knight began the quest
                  | for the Orb.
     0 | Abyss:1  | Reached XP level 1. HP: 18/18 MP: 2/2
     3 | Abyss:1  | Found a shadowy altar of Dithmenos.
    23 | D:1      | Escaped the Abyss
   394 | D:1      | Gained mutation: You have sharp fingernails. [demonic
                  | ancestry]
   394 | D:1      | Reached XP level 2. HP: 19/24 MP: 4/4
  1110 | D:2      | Found an iron altar of Okawaru.
  1128 | D:1      | HP: 1/24 [adder (1)]
  1129 | D:1      | Succumbed to an adder's poison

Illustrated notes

Levels and vault maps discovered:
D:1:      heliophobic_arrival_battle_scene, layout_loops_corners
D:2:      wander_river, layout_basic, okawaru_ov_weapons_minmay,
          nicolae_gozag_seed_capital, first_ration, st_stairs_8, uniq_sigmund

Skill      XL: |  1  2 |
---------------+-------+-----
Axes           | 2 |  2.7
Invocations    | 3 |  3.1
Fighting       | |  3.0
Armour         | |  1.7
Dodging        | |  0.8

Action                   || total
-------------------------++-------
Melee: Hand axe          ||    63
  Eat: Chunk             ||     1
Armor: Leather armour    ||     2
       Ring mail         ||    27
Dodge: Dodged            ||    49
